Mustangs vs Influenza
(R3)
Created - June 1, 2018 at 20:39
Goals
|
| Mustangs |
2 |
2 |
0 |
0 |
4 |
| Influenza |
1 |
1 |
2 |
1 |
5 |
|
Shots
|
| Mustangs |
8 |
12 |
4 |
0 |
24 |
| Influenza |
9 |
15 |
10 |
1 |
35 |
|
1st period
1. Influenza , Jeremy Morin 10 (T.J Galiardi 10, Charlie Coyle 11) at 5:02 (PP)
2. Mustangs , Mika Zibanejad 9 (Tomas Tatar 10, Andrew Shaw 9) at 14:51 (PP)
3. Mustangs , Tomas Tatar 10 (Mika Zibanejad 15, Alexei Marchenko 5) at 19:58
Penalties :
Cameron Gaunce (Ham) for High sticking (Minor) at 4:48, Mark Olver (VJB) for Hooking (Minor) at 13:03
2nd period
4. Mustangs , Joshua Leivo 7 (Cameron Gaunce 14, Jerome Samson 5) at 12:26
5. Mustangs , Tomas Tatar 11 (Mika Zibanejad 16, Andrew Shaw 10) at 17:46
6. Influenza , Mark Olver 8 (Jeff May 8, Jeremy Morin 13) at 19:34
Penalties :
Matt Corrente (VJB) for Hooking (Minor) at 0:09, Jerome Samson (Ham) for Hooking (Minor) at 6:14, Matt Corrente (VJB) for Holding (Minor) at 12:45
3rd period
7. Influenza , T.J Galiardi 10 (Jeremy Morin 14, Charlie Coyle 12) at 1:00 (PP)
8. Influenza , Matt Corrente 3 (Charlie Coyle 13) at 17:32
Penalties :
Josh Jooris (Ham) for Roughing (Minor) at 0:53, T.J Galiardi (VJB) for High sticking (Double Minor) at 1:16, Andrew Shaw (Ham) for Attempt to injure (Major / Game Misconduct) at 8:07, Garnet Hathaway (VJB) for High sticking (Minor) at 17:33, Derek Joslin (Ham) for Tripping (Minor) at 19:07
Overtime #1
9. Influenza , Matt Corrente 4 (Lane MacDermid 14) at 0:47 (PP)
Penalties :
No Penalty
Goalie Stats
Peter Mannino (Ham), 30 saves from 35 shots - (0.857), OTL, 12-4-1, 60:47 minutes
Alex Stalock (VJB), 20 saves from 24 shots - (0.833), W, 6-3-1, 60:47 minutes
Players Stats for Mustangs
Player Name G A P +/- PIM S H SB GA TA FO MP PP MP PK MP
------------------------------------------------------------------------------------
Alexei Marchenko 0 1 1 2 0 0 0 1 0 1 0/0 12:13 0:32 1:00
Andreas Athanasiou 0 0 0 -1 0 0 0 0 0 0 2/7 12:21 1:18 1:11
Andrew Shaw 0 2 2 2 15 1 2 0 1 1 0/0 14:33 4:23 0:00
Cameron Gaunce 0 1 1 1 2 1 3 1 0 0 0/0 26:59 5:59 4:29
Curtis Hamilton 0 0 0 0 0 0 0 0 0 0 0/1 7:16 0:00 0:13
Denis Bodrov 0 0 0 -2 0 1 2 0 0 3 0/0 22:32 4:48 4:02
Derek Joslin 0 0 0 1 2 4 0 0 2 1 0/0 25:34 5:58 3:29
Francis Paré 0 0 0 0 0 0 1 0 0 0 0/0 7:03 0:00 0:00
Jerome Samson 0 1 1 -1 2 2 0 0 1 0 0/0 11:33 1:46 0:00
Josh Jooris 0 0 0 0 2 0 0 0 1 0 1/3 16:38 4:54 0:00
Joshua Leivo 1 0 1 -1 0 2 1 0 0 0 0/0 12:41 1:23 1:30
Marcus Foligno 0 0 0 0 0 3 4 0 0 1 2/5 20:49 4:45 3:55
Mark Pysyk 0 0 0 -2 0 0 1 2 0 0 0/0 21:55 4:48 3:00
Mika Zibanejad 1 2 3 2 0 5 3 0 1 0 7/10 19:10 5:08 2:08
Rick Schofield 0 0 0 0 0 0 0 0 0 0 0/2 9:25 0:00 1:15
Riley Sheahan 0 0 0 0 0 1 1 1 0 0 18/34 21:50 5:09 3:59
Scott Mayfield 0 0 0 2 0 0 2 0 0 0 0/0 12:19 0:32 1:06
Tomas Tatar 2 1 3 2 0 4 0 0 0 0 0/0 20:01 5:11 2:55
Players Stats for Influenza
Player Name G A P +/- PIM S H SB GA TA FO MP PP MP PK MP
------------------------------------------------------------------------------------
Beau Bennett 0 0 0 0 0 1 0 0 1 0 0/0 13:14 3:26 0:00
Charlie Coyle 0 3 3 1 0 1 3 0 0 2 15/29 19:20 3:39 2:36
Dmitry Sinitsyn 0 0 0 -2 0 0 0 2 0 0 0/0 6:33 0:00 0:00
Garnet Hathaway 0 0 0 -1 2 1 2 1 0 1 0/0 10:51 1:25 0:00
Iiro Pakarinen 0 0 0 -1 0 4 1 0 0 0 0/0 8:05 0:00 0:00
Jacob Josefson 0 0 0 0 0 0 0 0 0 0 0/0 1:22 1:01 0:07
Jeff May 0 1 1 1 0 3 0 2 0 1 0/0 12:39 0:00 2:18
Jeremy Morin 1 2 3 1 0 2 0 1 1 1 7/8 23:05 3:49 6:05
Jesse Graham 0 0 0 0 0 0 0 0 0 0 0/0 0:51 0:33 0:00
Jimmy Vesey 0 0 0 -1 0 2 1 0 0 0 0/0 9:34 0:00 0:21
Joe Morrow 0 0 0 -2 0 0 0 1 0 0 0/0 7:03 0:30 0:00
Johan Larsson 0 0 0 -1 0 1 1 0 0 0 1/1 9:49 0:26 1:04
Jordan Schroeder 0 0 0 -1 0 3 0 1 0 0 1/1 8:05 0:00 0:00
Lane MacDermid 0 1 1 0 0 2 2 0 0 0 1/2 15:19 3:26 2:00
Mark Olver 1 0 1 0 2 3 1 1 0 0 4/9 15:52 3:29 2:17
Mark Scheifele 0 0 0 -1 0 0 0 0 1 0 1/6 10:49 0:13 1:18
Mathieu Carle 0 0 0 1 0 1 3 1 0 0 0/0 25:13 4:08 6:30
Matt Corrente 2 0 2 1 4 2 3 3 1 0 0/0 22:49 4:11 4:07
Nikita Gusev 0 0 0 0 0 0 0 0 0 0 0/0 0:00 0:00 0:00
Oskars Bartulis 0 0 0 1 0 2 0 0 0 0 0/0 11:27 0:00 0:53
Paul Ladue 0 0 0 -1 0 0 3 1 1 0 0/0 17:37 3:52 4:25
T.J Galiardi 1 1 2 1 4 7 2 0 2 1 2/6 21:29 3:40 4:32
Tim Erixon 0 0 0 -1 0 0 3 1 0 0 0/0 17:37 3:52 4:25
Tom Kuhnhackl 0 0 0 0 0 0 0 0 0 0 0/0 1:05 1:05 0:00
Vince Rocco 0 0 0 0 0 0 0 0 0 0 0/0 2:18 0:00 2:18
3 Stars
1 - Tomas Tatar (Ham)
2 - Mika Zibanejad (Ham)
3 - Jeremy Morin (VJB)
Power Play
Mustangs - 1 on 6 Attempt(s) - 16.67%
Influenza - 3 on 5 Attempt(s) - 60.00%
Penalty Kill
Mustangs - 2 on 5 Attempt(s) - 40.00%
- Score 0 goal in Penalty Kill
Influenza - 5 on 6 Attempt(s) - 83.33%
- Score 0 goal in Penalty Kill
Team Stat
Mustangs - Hits : 20 - Faceoff Wins : 30 - Blocked Shots : 5 - Penalty Minutes : 23
Influenza - Hits : 25 - Faceoff Wins : 32 - Blocked Shots : 15 - Penalty Minutes : 12
Official
Referees : O'Rourke Dan and Walsh Ian
Linesman : Brian Murphy and Tim Nowak
Game Notes
Andrew Shaw ejected from game at 8:07 of 3rd period
Andrew Shaw from Mustangs is suspended for 1 game(s)
Finance
Level 1 -- Attendance: 2000 (100.00%) -- Ticket Income $80,000
Level 2 -- Attendance: 1000 (100.00%) -- Ticket Income $20,000
Total Attendance: 3000 (100.00%)
Total Ticket Income: $100,000
Other Income: $5,000
Total Income: $105,000
Mustangs
5 vs 5 Forward
Center Left Wing Right Wing Time % Phy DF OF
1 Riley Sheahan Marcus Foligno Josh Jooris 40 1 2 2
2 Mika Zibanejad Tomas Tatar Andrew Shaw 30 1 2 2
3 Andreas Athanasiou Joshua Leivo Jerome Samson 20 1 2 2
4 Rick Schofield Curtis Hamilton Francis Paré 10 1 2 2
5 vs 5 Defense
Defense Defense Time % Phy DF OF
1 Cameron Gaunce Derek Joslin 44 1 2 2
2 Denis Bodrov Mark Pysyk 33 1 2 2
3 Alexei Marchenko Scott Mayfield 23 1 2 2
4 Cameron Gaunce Derek Joslin 0 1 2 2
PowerPlay Forward
Center Left Wing Right Wing Time % Phy DF OF
1 Riley Sheahan Marcus Foligno Josh Jooris 60 1 2 2
2 Mika Zibanejad Tomas Tatar Andrew Shaw 40 1 2 2
PowerPlay Defense
Defense Defense Time % Phy DF OF
1 Cameron Gaunce Derek Joslin 60 1 2 2
2 Denis Bodrov Mark Pysyk 40 1 2 2
Penalty Kill 4 Players Forward
Center Wing Time % Phy DF OF
1 Riley Sheahan Marcus Foligno 60 1 2 2
2 Rick Schofield Tomas Tatar 40 1 2 2
Penalty Kill 4 Players Defense
Defense Defense Time % Phy DF OF
1 Cameron Gaunce Derek Joslin 60 1 2 2
2 Denis Bodrov Mark Pysyk 40 1 2 2
Penalty Kill - 3 Players Forward
Forward Time % Phy DF OF
1 Riley Sheahan 60 1 2 2
2 Mika Zibanejad 40 1 2 2
Penalty Kill - 3 Players Defense
Defense Defense Time % Phy DF OF
1 Cameron Gaunce Derek Joslin 60 1 2 2
2 Denis Bodrov Mark Pysyk 40 1 2 2
4 vs 4 Forward
Center Wing Time % Phy DF OF
1 Riley Sheahan Marcus Foligno 60 1 2 2
2 Mika Zibanejad Tomas Tatar 40 1 2 2
4 vs 4 Defense
Defense Defense Time % Phy DF OF
1 Cameron Gaunce Derek Joslin 60 1 2 2
2 Denis Bodrov Mark Pysyk 40 1 2 2
Last Minutes Offensive
Center Left Wing Right Wing Defense Defense
Riley Sheahan Marcus Foligno Josh Jooris Cameron Gaunce Derek Joslin
Last Minutes Defensive
Center Left Wing Right Wing Defense Defense
Riley Sheahan Marcus Foligno Josh Jooris Cameron Gaunce Derek Joslin
Goaltenders
Starting : Peter Mannino
Backup : Chet Pickard
Extra Forwards
Normal : Riley Sheahan, Mika Zibanejad, Rick Schofield - PP : Mika Zibanejad, Riley Sheahan - PK : Marcus Foligno
Extra Defensemen
Normal : Derek Joslin, Mark Pysyk, Cameron Gaunce - PP : Derek Joslin - PK : Denis Bodrov, Cameron Gaunce
Penalty Shots
Riley Sheahan, Mika Zibanejad, Andrew Shaw, Marcus Foligno, Josh Jooris
Scratches
Roman Horak (Healthy), Brady Skjei (Healthy), Dominik Uher (Healthy), Joe Finley (Healthy), Eric Knodel (Healthy)
Matthew Finn (Healthy), Danny Biega (Healthy), Jim O'Brien (Healthy), Raphael Bussieres (Healthy), Sam Kurker (Healthy)
Max Gortz (Healthy), Riley Nash (Healthy), Justin Peters (Healthy), Joacim Eriksson (Healthy)
Influenza
5 vs 5 Forward
Center Left Wing Right Wing Time % Phy DF OF
1 Charlie Coyle T.J Galiardi Jeremy Morin 40 1 2 2
2 Mark Olver Lane MacDermid Beau Bennett 30 1 2 2
3 Mark Scheifele Jimmy Vesey Garnet Hathaway 20 1 2 2
4 Jordan Schroeder Johan Larsson Iiro Pakarinen 10 1 2 2
5 vs 5 Defense
Defense Defense Time % Phy DF OF
1 Matt Corrente Mathieu Carle 40 1 2 2
2 Tim Erixon Paul Ladue 30 1 2 2
3 Jeff May Oskars Bartulis 20 1 2 2
4 Joe Morrow Dmitry Sinitsyn 10 1 2 2
PowerPlay Forward
Center Left Wing Right Wing Time % Phy DF OF
1 Charlie Coyle T.J Galiardi Jeremy Morin 60 1 2 2
2 Mark Olver Lane MacDermid Beau Bennett 40 1 2 2
PowerPlay Defense
Defense Defense Time % Phy DF OF
1 Matt Corrente Mathieu Carle 60 1 2 2
2 Tim Erixon Paul Ladue 40 1 2 2
Penalty Kill 4 Players Forward
Center Wing Time % Phy DF OF
1 Jeremy Morin T.J Galiardi 60 1 2 2
2 Charlie Coyle Mark Olver 40 1 2 2
Penalty Kill 4 Players Defense
Defense Defense Time % Phy DF OF
1 Matt Corrente Mathieu Carle 60 1 2 2
2 Tim Erixon Paul Ladue 40 1 2 2
Penalty Kill - 3 Players Forward
Forward Time % Phy DF OF
1 Jeremy Morin 60 1 2 2
2 T.J Galiardi 40 1 2 2
Penalty Kill - 3 Players Defense
Defense Defense Time % Phy DF OF
1 Matt Corrente Mathieu Carle 60 1 2 2
2 Tim Erixon Paul Ladue 40 1 2 2
4 vs 4 Forward
Center Wing Time % Phy DF OF
1 Jeremy Morin T.J Galiardi 60 1 2 2
2 Charlie Coyle Mark Olver 40 1 2 2
4 vs 4 Defense
Defense Defense Time % Phy DF OF
1 Matt Corrente Mathieu Carle 60 1 2 2
2 Tim Erixon Paul Ladue 40 1 2 2
Last Minutes Offensive
Center Left Wing Right Wing Defense Defense
Charlie Coyle T.J Galiardi Jeremy Morin Matt Corrente Mathieu Carle
Last Minutes Defensive
Center Left Wing Right Wing Defense Defense
Charlie Coyle T.J Galiardi Jeremy Morin Matt Corrente Mathieu Carle
Goaltenders
Starting : Alex Stalock
Backup : Thomas McCollum
Extra Forwards
Normal : Tom Kuhnhackl, Jacob Josefson, Vince Rocco - PP : Tom Kuhnhackl, Jacob Josefson - PK : Vince Rocco
Extra Defensemen
Normal : Jesse Graham, Jeff May, Oskars Bartulis - PP : Jesse Graham - PK : Jeff May, Oskars Bartulis
Penalty Shots
Jeremy Morin, T.J Galiardi, Charlie Coyle, Mark Olver, Beau Bennett
Scratches
Jamie Devane (Healthy), Fredric Larsson (Healthy), Rocco Grimaldi (Healthy), Ryan Sproul (Healthy), Josh Andrerson (Healthy)
Tyson Sexsmith (Healthy)
% Time on Ice - Mustangs
Lines # - Real PCT - Wanted PCT - Time Play
Normal Forward
1 - 32% - 40% - 12:59
2 - 30% - 30% - 12:01
3 - 21% - 20% - 8:27
4 - 17% - 10% - 7:03
Normal Defense
1 - 41% - 44% - 16:38
2 - 34% - 33% - 13:42
3 - 25% - 23% - 10:10
4 - 0% - 0% - 0:00
PP Forward
1 - 49% - 60% - 5:36
2 - 51% - 40% - 5:43
PP Defense
1 - 58% - 60% - 6:31
2 - 42% - 40% - 4:48
PK Forward
1 - 85% - 60% - 7:18
2 - 15% - 40% - 1:15
PK Defense
1 - 67% - 60% - 5:43
2 - 33% - 40% - 2:50
PK3 Forward
1 - 0% - 60%
2 - 0% - 40%
PK3 Defense
1 - 0% - 60%
2 - 0% - 40%
44 Forward
1 - 100% - 60% - 0:25
2 - 0% - 40% - 0:00
44 Defense
1 - 100% - 60% - 0:25
2 - 0% - 40% - 0:00
Last Minute Offensive - 0:00
Last Minute Defensive - 0:00
Total
Forward - 60:47
Defense - 60:47
|
% Time on Ice - Influenza
Lines # - Real PCT - Wanted PCT - Time Play
Normal Forward
1 - 32% - 40% - 12:51
2 - 26% - 30% - 10:21
3 - 23% - 20% - 9:13
4 - 20% - 10% - 8:05
Normal Defense
1 - 36% - 40% - 14:28
2 - 23% - 30% - 9:20
3 - 25% - 20% - 10:09
4 - 16% - 10% - 6:33
PP Forward
1 - 57% - 60% - 4:51
2 - 43% - 40% - 3:42
PP Defense
1 - 49% - 60% - 4:11
2 - 51% - 40% - 4:22
PK Forward
1 - 77% - 60% - 8:43
2 - 23% - 40% - 2:36
PK Defense
1 - 61% - 60% - 6:54
2 - 39% - 40% - 4:25
PK3 Forward
1 - 0% - 60%
2 - 0% - 40%
PK3 Defense
1 - 0% - 60%
2 - 0% - 40%
44 Forward
1 - 100% - 60% - 0:25
2 - 0% - 40% - 0:00
44 Defense
1 - 100% - 60% - 0:25
2 - 0% - 40% - 0:00
Last Minute Offensive - 0:00
Last Minute Defensive - 0:00
Total
Forward - 60:47
Defense - 60:47
|
Play by Play
1st period
0:01 of 1st period - Charlie Coyle wins face-off versus Riley Sheahan in neutral zone.
0:04 of 1st period - Snap shot by T.J Galiardi.
0:04 of 1st period - Shot Misses the Net.
0:16 of 1st period - Wrist shot by Riley Sheahan.
0:16 of 1st period - Shot Blocked by Matt Corrente.
0:32 of 1st period - Snap shot by Mark Olver.
0:32 of 1st period - Shot Blocked by Cameron Gaunce.
0:43 of 1st period - Icing by Beau Bennett.
0:44 of 1st period - Andreas Athanasiou wins face-off versus Mark Scheifele in Influenza zone.
0:54 of 1st period - Matt Corrente is hit by Mark Pysyk and loses puck.
1:11 of 1st period - Slapshot by Jordan Schroeder.
1:11 of 1st period - Stopped by Peter Mannino without a rebound.
1:12 of 1st period - Johan Larsson wins face-off versus Rick Schofield in Mustangs zone.
1:23 of 1st period - Wrist shot by Jordan Schroeder.
1:23 of 1st period - Deflect By Iiro Pakarinen.
1:23 of 1st period - Shot Blocked by Alexei Marchenko.
1:23 of 1st period - Puck is out of play.
1:24 of 1st period - Charlie Coyle wins face-off versus Riley Sheahan in Mustangs zone.
1:27 of 1st period - Wrist shot by T.J Galiardi.
1:27 of 1st period - Deflect By Charlie Coyle.
1:27 of 1st period - Shot Blocked by Riley Sheahan.
1:27 of 1st period - Puck is out of play.
1:28 of 1st period - Riley Sheahan wins face-off versus Charlie Coyle in Mustangs zone.
1:42 of 1st period - Icing by Scott Mayfield.
1:43 of 1st period - Josh Jooris wins face-off versus Mark Olver in Mustangs zone.
1:56 of 1st period - Snap shot by Lane MacDermid.
1:56 of 1st period - Stopped by Peter Mannino without a rebound.
1:57 of 1st period - Mika Zibanejad wins face-off versus Charlie Coyle in Mustangs zone.
2:22 of 1st period - Joe Morrow is hit by Cameron Gaunce.
2:48 of 1st period - Wrist shot by Marcus Foligno.
2:48 of 1st period - Stopped by Alex Stalock with a rebound.
2:50 of 1st period - Slapshot by Cameron Gaunce.
2:50 of 1st period - Shot Blocked by Paul Ladue.
3:33 of 1st period - Snap shot by Mark Pysyk.
3:33 of 1st period - Deflect By Mika Zibanejad.
3:33 of 1st period - Stopped by Alex Stalock with a rebound.
4:48 of 1st period - Minor Penalty to Cameron Gaunce for High sticking.
4:49 of 1st period - Charlie Coyle wins face-off versus Riley Sheahan in Mustangs zone.
5:02 of 1st period - Wrist shot by Jeremy Morin.
5:02 of 1st period - Goal by Jeremy Morin - Mustangs : 0 - Influenza : 1.
5:03 of 1st period - Marcus Foligno wins face-off versus Mark Olver in neutral zone.
5:30 of 1st period - Charlie Coyle is hit by Andrew Shaw and loses puck.
5:57 of 1st period - Wrist shot by Jimmy Vesey.
5:57 of 1st period - Shot Misses the Net.
6:19 of 1st period - Off-side.
6:20 of 1st period - Lane MacDermid wins face-off versus Riley Sheahan in neutral zone.
6:23 of 1st period - Riley Sheahan is hit by Lane MacDermid and loses puck.
7:31 of 1st period - Derek Joslin is hit by Paul Ladue and loses puck.
8:25 of 1st period - Dmitry Sinitsyn is hit by Mika Zibanejad and loses puck.
8:57 of 1st period - Snap shot by Beau Bennett.
8:57 of 1st period - Deflect By Lane MacDermid.
8:57 of 1st period - Shot Misses the Net.
8:57 of 1st period - Puck is out of play.
8:58 of 1st period - Mark Olver wins face-off versus Marcus Foligno in Mustangs zone.
8:59 of 1st period - Wrist shot by Beau Bennett.
8:59 of 1st period - Shot Misses the Net.
9:05 of 1st period - Slapshot by Beau Bennett.
9:05 of 1st period - Shot Misses the Net.
9:13 of 1st period - Wrist shot by Riley Sheahan.
9:13 of 1st period - Shot Misses the Net.
9:47 of 1st period - Jimmy Vesey is hit by Scott Mayfield and loses puck.
9:52 of 1st period - Snap shot by Joshua Leivo.
9:52 of 1st period - Stopped by Alex Stalock with a rebound.
9:54 of 1st period - Slapshot by Scott Mayfield.
9:54 of 1st period - Shot Blocked by Jeff May.
9:56 of 1st period - Wrist shot by Jerome Samson.
9:56 of 1st period - Stopped by Alex Stalock without a rebound.
9:57 of 1st period - Riley Sheahan wins face-off versus Charlie Coyle in Influenza zone.
10:02 of 1st period - Wrist shot by Riley Sheahan.
10:02 of 1st period - Shot Misses the Net.
10:22 of 1st period - Paul Ladue is hit by Cameron Gaunce and loses puck.
10:52 of 1st period - Snap shot by Jerome Samson.
10:52 of 1st period - Shot Misses the Net.
10:54 of 1st period - Slapshot by Andreas Athanasiou.
10:54 of 1st period - Shot Misses the Net.
11:36 of 1st period - Snap shot by Jordan Schroeder.
11:36 of 1st period - Stopped by Peter Mannino without a rebound.
11:37 of 1st period - Riley Sheahan wins face-off versus Lane MacDermid in Mustangs zone.
11:46 of 1st period - Wrist shot by Marcus Foligno.
11:46 of 1st period - Shot Misses the Net.
12:02 of 1st period - Oskars Bartulis is hit by Mika Zibanejad.
12:26 of 1st period - Snap shot by Jerome Samson.
12:26 of 1st period - Shot Misses the Net.
13:03 of 1st period - Minor Penalty to Mark Olver for Hooking.
13:04 of 1st period - Jeremy Morin wins face-off versus Riley Sheahan in Influenza zone.
13:04 of 1st period - Jeremy Morin is hit by Marcus Foligno.
13:14 of 1st period - Wrist shot by Marcus Foligno.
13:14 of 1st period - Stopped by Alex Stalock with a rebound.
13:39 of 1st period - Off-side.
13:40 of 1st period - Mika Zibanejad wins face-off versus Charlie Coyle in neutral zone.
14:00 of 1st period - Icing by Mika Zibanejad.
14:01 of 1st period - Jeremy Morin wins face-off versus Mika Zibanejad in Mustangs zone.
14:02 of 1st period - Snap shot by T.J Galiardi.
14:02 of 1st period - Stopped by Peter Mannino with a rebound.
14:10 of 1st period - Tomas Tatar is hit by T.J Galiardi and loses puck.
14:26 of 1st period - Mathieu Carle is hit by Mika Zibanejad and loses puck.
14:51 of 1st period - Snap shot by Mika Zibanejad.
14:51 of 1st period - Goal by Mika Zibanejad - Mustangs : 1 - Influenza : 1.
14:52 of 1st period - Riley Sheahan wins face-off versus Mark Olver in neutral zone.
15:43 of 1st period - Wrist shot by Iiro Pakarinen.
15:43 of 1st period - Shot Misses the Net.
15:45 of 1st period - Slapshot by Oskars Bartulis.
15:45 of 1st period - Stopped by Peter Mannino with a rebound.
15:47 of 1st period - Snap shot by Jordan Schroeder.
15:47 of 1st period - Shot Misses the Net.
15:49 of 1st period - Snap shot by Iiro Pakarinen.
15:49 of 1st period - Stopped by Peter Mannino without a rebound.
15:50 of 1st period - Charlie Coyle wins face-off versus Riley Sheahan in Mustangs zone.
16:17 of 1st period - Mika Zibanejad is hit by Matt Corrente.
16:49 of 1st period - Snap shot by Garnet Hathaway.
16:49 of 1st period - Stopped by Peter Mannino without a rebound.
16:50 of 1st period - Riley Sheahan wins face-off versus T.J Galiardi in Mustangs zone.
17:05 of 1st period - Snap shot by Jeremy Morin.
17:05 of 1st period - Deflect By Charlie Coyle.
17:05 of 1st period - Stopped by Peter Mannino with a rebound.
18:59 of 1st period - Slapshot by Marcus Foligno.
18:59 of 1st period - Shot Misses the Net.
19:17 of 1st period - Snap shot by Francis Paré.
19:17 of 1st period - Shot Misses the Net.
19:56 of 1st period - Slapshot by Mika Zibanejad.
19:56 of 1st period - Stopped by Alex Stalock with a rebound.
19:58 of 1st period - Snap shot by Tomas Tatar.
19:58 of 1st period - Goal by Tomas Tatar - Mustangs : 2 - Influenza : 1.
19:59 of 1st period - Riley Sheahan wins face-off versus T.J Galiardi in neutral zone.
19:59 of 1st period - Riley Sheahan is hit by Mathieu Carle.
Goals for this period are 2 for Mustangs vs 1 for Influenza.
Shots for this period are 8 for Mustangs vs 9 for Influenza.
2nd period
0:01 of 2nd period - Charlie Coyle wins face-off versus Josh Jooris in neutral zone.
0:06 of 2nd period - Snap shot by T.J Galiardi.
0:06 of 2nd period - Shot Misses the Net.
0:08 of 2nd period - Wrist shot by T.J Galiardi.
0:08 of 2nd period - Stopped by Peter Mannino without a rebound.
0:09 of 2nd period - Charlie Coyle wins face-off versus Riley Sheahan in Mustangs zone.
0:09 of 2nd period - Minor Penalty to Matt Corrente for Hooking.
0:10 of 2nd period - Jeremy Morin wins face-off versus Riley Sheahan in Influenza zone.
1:31 of 2nd period - Andrew Shaw is hit by Charlie Coyle and loses puck.
1:48 of 2nd period - Snap shot by Jerome Samson.
1:48 of 2nd period - Shot Blocked by Tim Erixon.
1:50 of 2nd period - Slapshot by Denis Bodrov.
1:50 of 2nd period - Shot Misses the Net.
1:52 of 2nd period - Snap shot by Jerome Samson.
1:52 of 2nd period - Stopped by Alex Stalock without a rebound.
1:53 of 2nd period - Jeremy Morin wins face-off versus Andreas Athanasiou in Influenza zone.
2:09 of 2nd period - Penalty to Matt Corrente is over, Matt Corrente is back on ice.
2:20 of 2nd period - Slapshot by Mark Olver.
2:20 of 2nd period - Stopped by Peter Mannino without a rebound.
2:21 of 2nd period - Riley Sheahan wins face-off versus Mark Scheifele in Mustangs zone.
2:34 of 2nd period - Snap shot by Mark Scheifele.
2:34 of 2nd period - Shot Misses the Net.
2:46 of 2nd period - Tomas Tatar is hit by Charlie Coyle and loses puck.
4:38 of 2nd period - Mark Olver is hit by Cameron Gaunce and loses puck.
4:47 of 2nd period - Cameron Gaunce is hit by Mathieu Carle and loses puck.
5:00 of 2nd period - Snap shot by Derek Joslin.
5:00 of 2nd period - Stopped by Alex Stalock with a rebound.
5:02 of 2nd period - Slapshot by Cameron Gaunce.
5:02 of 2nd period - Shot Blocked by Jeff May.
5:04 of 2nd period - Slapshot by Derek Joslin.
5:04 of 2nd period - Stopped by Alex Stalock without a rebound.
5:05 of 2nd period - Charlie Coyle wins face-off versus Curtis Hamilton in Influenza zone.
5:10 of 2nd period - Snap shot by Charlie Coyle.
5:10 of 2nd period - Shot Blocked by Mark Pysyk.
5:16 of 2nd period - Slapshot by T.J Galiardi.
5:16 of 2nd period - Stopped by Peter Mannino with a rebound.
5:18 of 2nd period - Wrist shot by Charlie Coyle.
5:18 of 2nd period - Deflect By Jeremy Morin.
5:18 of 2nd period - Stopped by Peter Mannino without a rebound.
5:19 of 2nd period - Marcus Foligno wins face-off versus Charlie Coyle in Mustangs zone.
5:34 of 2nd period - Snap shot by Josh Jooris.
5:34 of 2nd period - Shot Misses the Net.
5:44 of 2nd period - Tomas Tatar is hit by Matt Corrente and loses puck.
5:53 of 2nd period - Wrist shot by Tomas Tatar.
5:53 of 2nd period - Shot Blocked by Mathieu Carle.
6:03 of 2nd period - Slapshot by Matt Corrente.
6:03 of 2nd period - Shot Misses the Net.
6:05 of 2nd period - Slapshot by Mathieu Carle.
6:05 of 2nd period - Stopped by Peter Mannino with a rebound.
6:14 of 2nd period - Minor Penalty to Jerome Samson for Hooking.
6:15 of 2nd period - Riley Sheahan wins face-off versus Charlie Coyle in Mustangs zone.
6:41 of 2nd period - Derek Joslin is hit by Mark Olver and loses puck.
7:14 of 2nd period - Charlie Coyle is hit by Denis Bodrov and loses puck.
8:14 of 2nd period - Penalty to Jerome Samson is over, Jerome Samson is back on ice.
8:40 of 2nd period - Slapshot by Derek Joslin.
8:40 of 2nd period - Stopped by Alex Stalock with a rebound.
8:42 of 2nd period - Wrist shot by Derek Joslin.
8:42 of 2nd period - Shot Blocked by Jordan Schroeder.
8:44 of 2nd period - Slapshot by Derek Joslin.
8:44 of 2nd period - Stopped by Alex Stalock with a rebound.
9:04 of 2nd period - Snap shot by Johan Larsson.
9:04 of 2nd period - Stopped by Peter Mannino with a rebound.
9:10 of 2nd period - Wrist shot by Iiro Pakarinen.
9:10 of 2nd period - Stopped by Peter Mannino with a rebound.
9:12 of 2nd period - Wrist shot by Iiro Pakarinen.
9:12 of 2nd period - Stopped by Peter Mannino with a rebound.
9:16 of 2nd period - Snap shot by Jordan Schroeder.
9:16 of 2nd period - Stopped by Peter Mannino without a rebound.
9:17 of 2nd period - Charlie Coyle wins face-off versus Riley Sheahan in Mustangs zone.
9:42 of 2nd period - Mika Zibanejad is hit by Jimmy Vesey and loses puck.
9:59 of 2nd period - Wrist shot by Lane MacDermid.
9:59 of 2nd period - Stopped by Peter Mannino with a rebound.
10:05 of 2nd period - Lane MacDermid is hit by Andrew Shaw and loses puck.
10:33 of 2nd period - Wrist shot by Mika Zibanejad.
10:33 of 2nd period - Deflect By Andrew Shaw.
10:33 of 2nd period - Shot Blocked by Matt Corrente.
10:33 of 2nd period - Puck is out of play.
10:34 of 2nd period - Charlie Coyle wins face-off versus Riley Sheahan in Influenza zone.
12:26 of 2nd period - Snap shot by Joshua Leivo.
12:26 of 2nd period - Goal by Joshua Leivo - Mustangs : 3 - Influenza : 1.
12:27 of 2nd period - Charlie Coyle wins face-off versus Riley Sheahan in neutral zone.
12:30 of 2nd period - Backhand shot by T.J Galiardi.
12:30 of 2nd period - Stopped by Peter Mannino without a rebound.
12:31 of 2nd period - T.J Galiardi wins face-off versus Riley Sheahan in Mustangs zone.
12:45 of 2nd period - Minor Penalty to Matt Corrente for Holding.
12:46 of 2nd period - Jeremy Morin wins face-off versus Marcus Foligno in Influenza zone.
12:50 of 2nd period - Slapshot by Jeff May.
12:50 of 2nd period - Stopped by Peter Mannino with a rebound.
13:00 of 2nd period - Snap shot by Josh Jooris.
13:00 of 2nd period - Shot Misses the Net.
13:56 of 2nd period - Riley Sheahan is hit by T.J Galiardi and loses puck.
14:45 of 2nd period - Penalty to Matt Corrente is over, Matt Corrente is back on ice.
14:59 of 2nd period - Mark Pysyk is hit by Iiro Pakarinen and loses puck.
15:23 of 2nd period - Off-side.
15:24 of 2nd period - Mark Olver wins face-off versus Andreas Athanasiou in neutral zone.
16:13 of 2nd period - Snap shot by Andrew Shaw.
16:13 of 2nd period - Shot Misses the Net.
16:15 of 2nd period - Wrist shot by Tomas Tatar.
16:15 of 2nd period - Stopped by Alex Stalock with a rebound.
16:17 of 2nd period - Wrist shot by Tomas Tatar.
16:17 of 2nd period - Shot Blocked by Dmitry Sinitsyn.
16:53 of 2nd period - Wrist shot by Tomas Tatar.
16:53 of 2nd period - Shot Misses the Net.
16:55 of 2nd period - Wrist shot by Andrew Shaw.
16:55 of 2nd period - Shot Misses the Net.
16:57 of 2nd period - Slapshot by Andrew Shaw.
16:57 of 2nd period - Stopped by Alex Stalock with a rebound.
17:03 of 2nd period - Snap shot by Tomas Tatar.
17:03 of 2nd period - Shot Hit the Post.
17:05 of 2nd period - Snap shot by Tomas Tatar.
17:05 of 2nd period - Shot Misses the Net.
17:17 of 2nd period - Snap shot by Tomas Tatar.
17:17 of 2nd period - Shot Misses the Net.
17:19 of 2nd period - Wrist shot by Mika Zibanejad.
17:19 of 2nd period - Stopped by Alex Stalock with a rebound.
17:31 of 2nd period - Slapshot by Mika Zibanejad.
17:31 of 2nd period - Shot Misses the Net.
17:36 of 2nd period - Slapshot by Scott Mayfield.
17:36 of 2nd period - Shot Blocked by Dmitry Sinitsyn.
17:38 of 2nd period - Slapshot by Alexei Marchenko.
17:38 of 2nd period - Shot Misses the Net.
17:40 of 2nd period - Slapshot by Alexei Marchenko.
17:40 of 2nd period - Deflect By Tomas Tatar.
17:40 of 2nd period - Stopped by Alex Stalock with a rebound.
17:42 of 2nd period - Wrist shot by Andrew Shaw.
17:42 of 2nd period - Shot Blocked by Joe Morrow.
17:44 of 2nd period - Slapshot by Mika Zibanejad.
17:44 of 2nd period - Stopped by Alex Stalock with a rebound.
17:46 of 2nd period - Wrist shot by Tomas Tatar.
17:46 of 2nd period - Goal by Tomas Tatar - Mustangs : 4 - Influenza : 1.
17:47 of 2nd period - Riley Sheahan wins face-off versus T.J Galiardi in neutral zone.
17:58 of 2nd period - Snap shot by Marcus Foligno.
17:58 of 2nd period - Deflect By Riley Sheahan.
17:58 of 2nd period - Shot Misses the Net.
17:58 of 2nd period - Puck is out of play.
17:59 of 2nd period - Riley Sheahan wins face-off versus Charlie Coyle in Influenza zone.
18:08 of 2nd period - Snap shot by Riley Sheahan.
18:08 of 2nd period - Shot Misses the Net.
18:50 of 2nd period - Curtis Hamilton is hit by Garnet Hathaway and loses puck.
18:59 of 2nd period - Snap shot by Mark Scheifele.
18:59 of 2nd period - Shot Blocked by Mark Pysyk.
19:01 of 2nd period - Slapshot by Oskars Bartulis.
19:01 of 2nd period - Stopped by Peter Mannino without a rebound.
19:02 of 2nd period - Charlie Coyle wins face-off versus Marcus Foligno in Mustangs zone.
19:32 of 2nd period - Slapshot by Jeff May.
19:32 of 2nd period - Stopped by Peter Mannino with a rebound.
19:34 of 2nd period - Snap shot by Mark Olver.
19:34 of 2nd period - Goal by Mark Olver - Mustangs : 4 - Influenza : 2.
19:35 of 2nd period - Riley Sheahan wins face-off versus Charlie Coyle in neutral zone.
19:38 of 2nd period - Slapshot by Derek Joslin.
19:38 of 2nd period - Shot Misses the Net.
19:41 of 2nd period - Icing by Mathieu Carle.
19:42 of 2nd period - Riley Sheahan wins face-off versus Charlie Coyle in Influenza zone.
Goals for this period are 2 for Mustangs vs 1 for Influenza.
Shots for this period are 12 for Mustangs vs 15 for Influenza.
3rd period
0:01 of 3rd period - Charlie Coyle wins face-off versus Riley Sheahan in neutral zone.
0:23 of 3rd period - Icing by T.J Galiardi.
0:24 of 3rd period - Charlie Coyle wins face-off versus Mika Zibanejad in Influenza zone.
0:53 of 3rd period - Minor Penalty to Josh Jooris for Roughing.
0:54 of 3rd period - Charlie Coyle wins face-off versus Riley Sheahan in Mustangs zone.
0:58 of 3rd period - Slapshot by T.J Galiardi.
0:58 of 3rd period - Shot Misses the Net.
1:00 of 3rd period - Wrist shot by T.J Galiardi.
1:00 of 3rd period - Goal by T.J Galiardi - Mustangs : 4 - Influenza : 3.
1:01 of 3rd period - Riley Sheahan wins face-off versus Charlie Coyle in neutral zone.
1:04 of 3rd period - Charlie Coyle is hit by Marcus Foligno and loses puck.
1:15 of 3rd period - Snap shot by Riley Sheahan.
1:15 of 3rd period - Shot Blocked by Jeremy Morin.
1:16 of 3rd period - Double Minor Penalty to T.J Galiardi for High sticking.
1:17 of 3rd period - Jeremy Morin wins face-off versus Riley Sheahan in Influenza zone.
1:28 of 3rd period - Snap shot by Marcus Foligno.
1:28 of 3rd period - Deflect By Mathieu Carle.
1:28 of 3rd period - Stopped by Alex Stalock with a rebound.
1:32 of 3rd period - Slapshot by Marcus Foligno.
1:32 of 3rd period - Shot Misses the Net.
4:05 of 3rd period - Jerome Samson is hit by Paul Ladue and loses puck.
5:16 of 3rd period - Penalty to T.J Galiardi is over, T.J Galiardi is back on ice.
6:28 of 3rd period - Riley Sheahan is hit by Garnet Hathaway and loses puck.
7:11 of 3rd period - Snap shot by Jordan Schroeder.
7:11 of 3rd period - Shot Misses the Net.
7:28 of 3rd period - Alexei Marchenko is hit by Charlie Coyle and loses puck.
7:37 of 3rd period - Oskars Bartulis is hit by Scott Mayfield and loses puck.
7:48 of 3rd period - Jimmy Vesey is hit by Francis Paré and loses puck.
8:01 of 3rd period - Slapshot by Beau Bennett.
8:01 of 3rd period - Stopped by Peter Mannino with a rebound.
8:03 of 3rd period - Slapshot by Jeff May.
8:03 of 3rd period - Deflect By Cameron Gaunce.
8:03 of 3rd period - Stopped by Peter Mannino without a rebound.
8:04 of 3rd period - Mika Zibanejad wins face-off versus Mark Olver in Mustangs zone.
8:04 of 3rd period - Mika Zibanejad is hit by Mathieu Carle.
8:07 of 3rd period - Major / Game Misconduct Penalty to Andrew Shaw for Attempt to injure.
8:07 of 3rd period - Andrew Shaw is ejected from game.
8:08 of 3rd period - Riley Sheahan wins face-off versus Charlie Coyle in Mustangs zone.
8:56 of 3rd period - Rick Schofield is hit by Tim Erixon and loses puck.
9:54 of 3rd period - Mark Olver is hit by Denis Bodrov and loses puck.
10:11 of 3rd period - Mika Zibanejad is hit by Tim Erixon and loses puck.
11:46 of 3rd period - Cameron Gaunce is hit by Tim Erixon and loses puck.
12:49 of 3rd period - Andreas Athanasiou is hit by Paul Ladue and loses puck.
13:07 of 3rd period - Penalty to Andrew Shaw is over, Josh Jooris is send on ice.
13:16 of 3rd period - Alexei Marchenko is hit by Johan Larsson and loses puck.
13:27 of 3rd period - Wrist shot by Iiro Pakarinen.
13:27 of 3rd period - Stopped by Peter Mannino without a rebound.
13:28 of 3rd period - Jordan Schroeder wins face-off versus Mika Zibanejad in Mustangs zone.
13:38 of 3rd period - Icing by Mika Zibanejad.
13:39 of 3rd period - Mika Zibanejad wins face-off versus Mark Olver in Mustangs zone.
13:39 of 3rd period - Mika Zibanejad is hit by Lane MacDermid.
14:11 of 3rd period - Slapshot by T.J Galiardi.
14:11 of 3rd period - Stopped by Peter Mannino with a rebound.
14:27 of 3rd period - Snap shot by Jimmy Vesey.
14:27 of 3rd period - Stopped by Peter Mannino with a rebound.
14:29 of 3rd period - Slapshot by Jimmy Vesey.
14:29 of 3rd period - Stopped by Peter Mannino without a rebound.
14:30 of 3rd period - Mark Olver wins face-off versus Andreas Athanasiou in Mustangs zone.
14:41 of 3rd period - Snap shot by Mark Olver.
14:41 of 3rd period - Stopped by Peter Mannino without a rebound.
14:42 of 3rd period - Riley Sheahan wins face-off versus Charlie Coyle in Mustangs zone.
14:55 of 3rd period - Slapshot by Josh Jooris.
14:55 of 3rd period - Deflect By Marcus Foligno.
14:55 of 3rd period - Shot Blocked by Matt Corrente.
14:55 of 3rd period - Puck is out of play.
14:56 of 3rd period - Riley Sheahan wins face-off versus Charlie Coyle in Influenza zone.
15:23 of 3rd period - Tim Erixon is hit by Joshua Leivo and loses puck.
15:42 of 3rd period - Slapshot by Tomas Tatar.
15:42 of 3rd period - Shot Blocked by Mark Olver.
16:24 of 3rd period - Off-side.
16:25 of 3rd period - Mika Zibanejad wins face-off versus Mark Scheifele in neutral zone.
16:28 of 3rd period - Snap shot by Cameron Gaunce.
16:28 of 3rd period - Deflect By Mark Scheifele.
16:28 of 3rd period - Stopped by Alex Stalock without a rebound.
16:29 of 3rd period - Mika Zibanejad wins face-off versus Mark Scheifele in Influenza zone.
16:32 of 3rd period - Snap shot by Tomas Tatar.
16:32 of 3rd period - Deflect By Rick Schofield.
16:32 of 3rd period - Shot Misses the Net.
16:32 of 3rd period - Puck is out of play.
16:33 of 3rd period - Mika Zibanejad wins face-off versus Mark Scheifele in Influenza zone.
16:44 of 3rd period - Snap shot by Garnet Hathaway.
16:44 of 3rd period - Shot Misses the Net.
17:08 of 3rd period - Snap shot by Mika Zibanejad.
17:08 of 3rd period - Shot Misses the Net.
17:10 of 3rd period - Snap shot by Mika Zibanejad.
17:10 of 3rd period - Shot Misses the Net.
17:12 of 3rd period - Wrist shot by Rick Schofield.
17:12 of 3rd period - Deflect By Tomas Tatar.
17:12 of 3rd period - Shot Blocked by Garnet Hathaway.
17:12 of 3rd period - Puck is out of play.
17:13 of 3rd period - Andreas Athanasiou wins face-off versus T.J Galiardi in Influenza zone.
17:22 of 3rd period - Snap shot by Denis Bodrov.
17:22 of 3rd period - Stopped by Alex Stalock without a rebound.
17:23 of 3rd period - Charlie Coyle wins face-off versus Andreas Athanasiou in Influenza zone.
17:30 of 3rd period - Slapshot by Matt Corrente.
17:30 of 3rd period - Shot Misses the Net.
17:32 of 3rd period - Snap shot by Matt Corrente.
17:32 of 3rd period - Goal by Matt Corrente - Mustangs : 4 - Influenza : 4.
17:33 of 3rd period - Mark Scheifele wins face-off versus Andreas Athanasiou in neutral zone.
17:33 of 3rd period - Minor Penalty to Garnet Hathaway for High sticking.
17:34 of 3rd period - T.J Galiardi wins face-off versus Riley Sheahan in Influenza zone.
17:49 of 3rd period - Slapshot by Riley Sheahan.
17:49 of 3rd period - Stopped by Alex Stalock without a rebound.
17:50 of 3rd period - Jeremy Morin wins face-off versus Josh Jooris in Influenza zone.
17:50 of 3rd period - Jeremy Morin is hit by Marcus Foligno.
18:00 of 3rd period - Snap shot by T.J Galiardi.
18:00 of 3rd period - Shot Misses the Net.
18:37 of 3rd period - T.J Galiardi is hit by Riley Sheahan and loses puck.
19:07 of 3rd period - Minor Penalty to Derek Joslin for Tripping.
19:08 of 3rd period - Riley Sheahan wins face-off versus Jeremy Morin in Mustangs zone.
19:08 of 3rd period - Riley Sheahan is hit by Matt Corrente.
19:33 of 3rd period - Penalty to Garnet Hathaway is over, Garnet Hathaway is back on ice.
19:40 of 3rd period - Wrist shot by T.J Galiardi.
19:40 of 3rd period - Shot Misses the Net.
19:42 of 3rd period - Slapshot by T.J Galiardi.
19:42 of 3rd period - Stopped by Peter Mannino without a rebound.
19:43 of 3rd period - Mark Olver wins face-off versus Rick Schofield in Mustangs zone.
Goals for this period are 0 for Mustangs vs 2 for Influenza.
Shots for this period are 4 for Mustangs vs 10 for Influenza.
Overtime #1
0:01 of 1st overtime period - Riley Sheahan wins face-off versus Charlie Coyle in neutral zone.
0:06 of 1st overtime period - Mathieu Carle is hit by Marcus Foligno and loses puck.
0:47 of 1st overtime period - Wrist shot by Matt Corrente.
0:47 of 1st overtime period - Goal by Matt Corrente - Mustangs : 4 - Influenza : 5.
Goals for this period are 0 for Mustangs vs 1 for Influenza.
Shots for this period are 0 for Mustangs vs 1 for Influenza.
Back to the Top